 Dungeon Crawl Stone Soup version 0.16-a0-3493-gd9d85f0 (webtiles) character file.

59 Pikaro the Sneak (level 3, -2/16 HPs)
             Began as a Spriggan Enchanter on Jan 4, 2015.
             Slain by a worm (11 damage)
             ... on level 2 of the Dungeon.
             The game lasted 00:07:26 (3549 turns).

Pikaro the Sneak (Spriggan Enchanter)               Turns: 3549, Time: 00:07:26

Health: -2/16      AC:  3    Str:  4    XL:     3   Next: 78%
Magic:  9/9        EV: 18    Int: 17    God:
Gold:   145        SH:  0    Dex: 16    Spells: 1 memorised, 6 levels left

rFire  . . .     SeeInvis +     l - +1 short sword (speed)
rCold  . . .     Clarity  .     b - +1 robe
rNeg   . . .     SustAb   .     (shield restricted)
rPois  .         Gourm    .     (helmet restricted)
rElec  .         Spirit   .     (no cloak)
rCorr  .         Warding  .     (gloves unavailable)
rMut   .         Stasis   .     (boots unavailable)
MR     .....                    (no amulet)
Stlth  ++++......               (no ring)
                                k - ring of see invisible {sInv, !d}

@: very quick, not resistant to hostile enchantments, stealthy
A: unfitting armour, see invisible, herbivore 3, speed 3, slow metabolism 2
a: no special abilities


You were on level 2 of the Dungeon.
You were hungry.

You visited 1 branch of the dungeon, and saw 2 of its levels.

You collected 145 gold pieces.

Inventory:

Hand weapons
 a - a +1 dagger
 l - a +1 short sword of speed (weapon)
   (You took it off a kobold on level 2 of the Dungeon)
Armour
 b - a +1 robe (worn)
Jewellery
 k - a ring of see invisible (left hand) {sInv, !d}
   (You found it on level 2 of the Dungeon)
Scrolls
 e - a scroll of amnesia {unknown}
 i - 2 scrolls of identify {unknown}
 m - a scroll of remove curse {unknown}
 n - 2 scrolls of teleportation {unknown}
 o - a scroll of magic mapping {unknown}
Potions
 h - 2 potions of curing {unknown}
 j - a potion of agility {unknown}
Books
 c - a book of Maledictions
Comestibles
 d - 3 bread rations {@e1}
 f - a slice of pizza
 g - a royal jelly


   Skills:
 + Level 2.9 Short Blades
 - Level 3.0 Dodging
 + Level 6.0 Stealth
 - Level 2.6 Spellcasting
 - Level 3.6 Hexes


You had 6 spell levels left.
You knew the following spells:

 Your Spells              Type           Power        Failure   Level  Hunger
A - Corona                Hex            ##.....      4%          1    #......


Dungeon Overview and Level Annotations

Branches:
Dungeon (2/15)

Altars:
Fedhas
Nemelex Xobeh


Innate Abilities, Weirdness & Mutations

You are tiny and cannot use many weapons and most armour.
You have supernaturally acute eyesight.
You are a herbivore.
You cover ground extremely quickly.
You need consume almost no food.


Message History

The giant newt closely misses you.
You hit the giant newt.
You kill the giant newt!
You see here a giant newt corpse.
There is a stone staircase leading down here.
You see here a whip.
Done exploring.
Level map cleared.
Found a runed trident.
You see here a short sword.
You see here a club.
You see here a robe.
You see here a meat ration {@e2}.
You see here a pair of gloves.
Found a blossoming altar of Fedhas.
You open the door.
A worm comes into view.
Spoiler Alert: The worm (wandering) can hit for moderate damage in melee!
A rat comes into view.
Spoiler Alert: The worm (wandering) can hit for moderate damage in melee!
You hit the worm.
Spoiler Alert: The worm can hit for moderate damage in melee!
You hit the worm. The worm bites you but does no damage.
You hit the worm but do no damage. You hit the worm.
The worm closely misses you.
You hit the worm. The worm bites you.
You take 1 damage, and have 15/16 hp.
You hit the worm but do no damage.
Spoiler Alert: The worm can hit for moderate damage in melee!
You barely miss the worm. The worm completely misses you.
A bat comes into view.
You hit the worm but do no damage. You hit the worm. The worm bites you!
Ouch! That really hurt!
You take 9 damage, and have 6/16 hp.
MASSIVE DAMAGE!!
Spoiler Alert: The worm can hit for moderate damage in melee!
The bat closely misses you. The bat closely misses you. The bat misses you.
The bat hits you but does no damage. The bat barely misses you.
You closely miss the bat. The bat barely misses you.
Spoiler Alert: The worm can hit for moderate damage in melee!
You hit the bat. The bat barely misses you.
You hit the bat.
You kill the bat!
You start resting.
You regained 5 hp, and now have 11/16 hp.
You start resting.
You regained 3 hp, and now have 14/16 hp.
Total turns waited: 146 The rat barely misses you.
You closely miss the rat. You closely miss the rat. The rat misses you.
You closely miss the rat. The rat misses you.
You hit the rat.
You kill the rat!
You see here a rat corpse.
You start resting.
Health restored: 16 Wield which item (- for none, * to show all)? (? for menu, Esc to quit)
Your hands tingle!
l - a +1 short sword of speed (weapon)
You see here a bat corpse.
Spoiler Alert: The worm (wandering) can hit for moderate damage in melee!
There is an open door, spattered with blood here.
Spoiler Alert: The worm can hit for moderate damage in melee!
The worm bites you!
Ouch! That really hurt!
* * * LOW HITPOINT WARNING * * *
You take 12 damage, and have 4/16 hp.
MASSIVE DAMAGE!!
There is an open door, spattered with blood here.
Spoiler Alert: The worm can hit for moderate damage in melee!
You see here a bat corpse.
You start resting.
You regained 5 hp, and now have 9/16 hp.
You start resting.
You are feeling hungry.
You regained 3 hp, and now have 12/16 hp.
You start resting.
Health restored: 16 Spoiler Alert: The worm (wandering) can hit for moderate damage in melee!
Spoiler Alert: The worm (wandering) can hit for moderate damage in melee!
Spoiler Alert: The worm can hit for moderate damage in melee!
You puncture the worm! You hit the worm but do no damage.
The worm closely misses you.
You hit the worm but do no damage. You hit the worm. You hit the worm.
The worm completely misses you.
You hit the worm.
Spoiler Alert: The worm can hit for moderate damage in melee!
You barely miss the worm. The worm bites you!
You take 7 damage, and have 9/16 hp.
MASSIVE DAMAGE!!
You hit the worm. You hit the worm. The worm bites you!
Ouch! That really hurt!
You die...

##.# #.. ######## ##.
#......######### #.
#...[..#.......# #.
#####......#.#####†# #.
##..........#.# #.# #.
#...).......#.# #.# ##
#......w@.....# #.# #.
#.....##########**#.####.
#.....'..##......,#......
#.....##w.....#**,######.
#............)...,* #.
##.#.#.#........,,* #.
#.#..PP........,.#######
#,#.PPP........,........
*,#PP_PP......,,########


You could see a worm.

Vanquished Creatures
  An adder (D:2)
  6 giant cockroaches
  9 goblins
  6 hobgoblins
  4 jackals (D:1)
  6 kobolds
  5 bats
  A giant gecko (D:1)
  5 giant newts (D:2)
  4 rats (D:2)
47 creatures vanquished.

Vanquished Creatures (others)
  A fungus (D:2)
1 creature vanquished.

Grand Total: 48 creatures vanquished

Notes
Turn   | Place    | Note
--------------------------------------------------------------
     0 | D:1      | Pikaro, the Spriggan Enchanter, began the quest for the Orb.
     0 | D:1      | Reached XP level 1. HP: 9/9 MP: 4/4
   509 | D:1      | Reached XP level 2. HP: 13/13 MP: 7/7
   516 | D:1      | Reached skill level 5 in Stealth
   807 | D:1      | Reached skill level 2 in Short Blades
  1490 | D:1      | Reached XP level 3. HP: 16/16 MP: 9/9
  1911 | D:2      | Found a blossoming altar of Fedhas.
  2396 | D:2      | Reached skill level 6 in Stealth
  2397 | D:2      | Found a sparkling altar of Nemelex Xobeh.
  3045 | D:2      | Found a blossoming altar of Fedhas.
  3281 | D:2      | HP: 4/16 [worm (12)]
  3549 | D:2      | Slain by a worm

Action                   || total
-------------------------++-------
Melee: Dagger            ||   200
       Short sword       ||     9
 Stab: Sleeping          ||     7

Vault maps used:
D:1:      grunt_arrival_crossed_arrows
D:2:      fedhas_altar_3, first_bread, nemelex_xobeh_ov_fountains_minmay

Table legend:
 A = Turns spent in this place as a percentage of turns spent in the entire game.
 B = Non-inter-level travel turns spent in this place as a percentage of non-inter-level travel turns spent in the entire game.
 C = Inter-level travel turns spent in this place as a percentage of turns spent in this place.
 D = Turns resting spent in this place as a percentage of non-inter-level travel turns spent in this place.
 E = Turns spent auto-exploring this place as a percentage of non-inter-level travel turns spent in this place.
 F = Non-inter-level travel turns spent in this place divided by the number of levels of this place that you've seen.
                   A       B       C       D       E      F
               +-------+-------+-------+-------+-------+----------------------
         Total | 100.0 | 100.0 |   0.1 |   7.5 |   7.2 | 348.5
       Dungeon | 100.0 | 100.0 |   0.1 |   7.5 |   7.2 | 348.5
               +-------+-------+-------+-------+-------+----------------------

Table legend:
 A = Kills in this place as a percentage of kills in entire the game.
 B = Kills by you in this place as a percentage of kills by you in the entire game.
 C = Kills by friends in this place as a percentage of kills by friends in the entire game.
 D = Other kills in this place as a percentage of other kills in the entire game.
 E = Experience gained in this place as a percentage of experience gained in the entire game.
 F = Experience gained in this place divided by the number of levels of this place that you have seen.
                   A       B       C       D       E      F
               +-------+-------+-------+-------+-------+----------------------
         Total | 100.0 | 100.0 |  -nan |  -nan | 100.0 |  42.5
       Dungeon | 100.0 | 100.0 |  -nan |  -nan | 100.0 |  42.5
               +-------+-------+-------+-------+-------+----------------------
